 Dungeon Crawl Stone Soup version 0.27-a0-1083-gcf8293e1eb (webtiles) character file.

Game seed: 10207058729531366475

1103 Gaff the Magician (level 8, -6/55 HPs)
             Began as a Djinni Air Elementalist on Apr 26, 2021.
             Was a High Priest of Cheibriados.
             Mangled by a vampire (7 damage)
             ... on level 6 of the Dungeon.
             The game lasted 00:21:19 (6098 turns).

Gaff the Magician (Djinni Air Elementalist)         Turns: 6098, Time: 00:21:19

Health: -6/55      AC:  5    Str: 18    XL:     8   Next: 32%
Gold:   304        EV: 13    Int: 31    God:    Cheibriados [*****.] SH:  0 Dex: 30

rFire    + + .     SeeInvis +   G - +3 short sword "Ateyjey" {protect, Will++}
rCold    x . .     Faith    .   (no shield)
rNeg     . . .     Spirit   .   o - +0 leather armour
rPois    ∞         Reflect  .   (no helmet)
rElec    .         Harm     .   D - +1 cloak
rCorr    .         Rampage  .   (no gloves)
Will     ++...                  (boots unavailable)
Stlth    +++.......             n - amulet of regeneration
HPRegen  1.18/turn              i - +6 ring of dexterity
MPRegen  0.00/turn              t - ring of see invisible

@: mighty, flying, very slow
A: fire resistance 2, cold vulnerability 1, float, innate caster, hp casting,
extra vitality 1
a: Renounce Religion, Bend Time, Temporal Distortion, Slouch, Step From Time


You were on level 6 of the Dungeon.
You worshipped Cheibriados.
Cheibriados was extremely pleased with you.
You visited 1 branch of the dungeon, and saw 6 of its levels.
You also visited: Sewer.

You collected 304 gold pieces.

Inventory:

Hand Weapons
 d - a +0 mace of flaming
 h - a +0 short sword
 w - a +1 falchion of freezing
 x - a +0 vorpal hunting sling
 y - a +2 dagger of electrocution
 B - a +2 vorpal trident
 G - the +3 short sword "Ateyjey" (weapon) {protect, Will++}
   (You found it on level 5 of the Dungeon)

   It grants its wielder temporary protection when it strikes (+7 to AC).
   It greatly increases your willpower.
Missiles
 m - 21 poisoned darts
 p - 2 curare-tipped darts
 q - 156 stones
 F - 8 boomerangs
Armour
 a - a +0 robe
 o - a +0 leather armour (worn)
 s - a scarf of invisibility
 D - a +1 cloak (worn)
Jewellery
 e - an amulet of the acrobat
 i - a +6 ring of dexterity (left hand)
 n - an amulet of regeneration (around neck)
 t - a ring of see invisible (right hand)
 u - a ring of fire
Wands
 C - a wand of mindburst (16)
Scrolls
 f - 2 scrolls of fear
 r - a scroll of immolation {unknown}
 v - a scroll of teleportation
 E - a scroll of enchant armour {unknown}
Potions
 b - 6 potions of flight {unknown}
 c - a potion of invisibility {unknown}
 g - 3 potions of might
 j - 8 potions of curing {unknown}
 k - 3 potions of heal wounds {unknown}
 l - 4 potions of lignification
 z - 2 potions of degeneration {unknown}
 A - a potion of cancellation {unknown}
 H - a potion of haste {unknown}


   Skills:
 + Level 2.5 Fighting
 + Level 2.3 Long Blades
 + Level 3.9 Armour
 - Level 2.2 Dodging
 - Level 1.6 Stealth
 * Level 5.9 Spellcasting
 + Level 3.7 Invocations


You couldn't memorise any spells.
You knew the following spells:

 Your Spells              Type           Power      Damage    Failure   Level
a - Shock                 Conj/Air       100%       1d9       1%          1
b - Static Discharge      Conj/Air       45%        N/A       1%          2
c - Swiftness             Air            45%        N/A       1%          3
d - Airstrike             Air            22%        N/A       5%          4
e - Lightning Bolt        Conj/Air       22%        1d38      14%         5
f - Summon Small Mammal   Summ           100%       N/A       1%          1
g - Corpse Rot            Necr/Air       N/A        N/A       1%          2
h - Call Imp              Summ           45%        N/A       1%          2
Your spell library was empty.

Dungeon Overview and Level Annotations

Branches:
Dungeon (6/15)              Sewer (visited)
 Temple: D:4-7

Altars:
Cheibriados
Gozag
Makhleb
Trog

Shops:
D:2 (


Innate Abilities, Weirdness & Mutations

You are immune to poison.
Your flesh is very heat resistant. (rF++)
You are vulnerable to cold. (rC-)
You float through the air rather than walking.
You learn spells naturally, not from books.
Your magical power is your life essence.
You have superior vitality. (+4 HP)


Message History

Your white imp hits the vampire but does no damage.
The vampire hits you. The vampire bites you!
Casting: Shock (safe; 1% risk of failure)
Confirm with . or Enter, or press ? or * to list all spells.
Aiming: Airstrike (dangerous; 5% risk of failure)
Press: ? - help, Dir - move target, f/p - vampire
Aim: a vampire (moderately damaged, slightly transparent)
The air twists around and strikes the vampire but does no damage.
The vampire closely misses you. The vampire bites you!
* * * LOW HITPOINT WARNING * * *
Casting: Airstrike (dangerous; 5% risk of failure)
Confirm with . or Enter, or press ? or * to list all spells.
Really attack your white imp?
Okay, then.
Unknown command.
The vampire closely misses your white imp.
The vampire bites your white imp.
The vampire hits you but does no damage.
The vampire closely misses you. The vampire hits you!
* * * LOW HITPOINT WARNING * * *
The vampire bites you!
* * * LOW HITPOINT WARNING * * *
Your white imp hits the vampire but does no damage.
The vampire closely misses you.
The vampire bites you but does no damage.
Your white imp barely misses the vampire.
Your white imp closely misses the vampire.
The vampire hits you.
* * * LOW HITPOINT WARNING * * *
The vampire bites you but does no damage.
Unknown command.
Casting: Static Discharge (safe; 1% risk of failure)
Confirm with . or Enter, or press ? or * to list all spells.
Okay, then.
It was a potion of might.
You feel very mighty all of a sudden. The vampire hits you!
* * * LOW HITPOINT WARNING * * *
The vampire bites you!
You die...

+...............
####..>####.####
#....# #.# #
#.##.###.#
#........# ###
####.##### #.#
#.#
#.###########.#
###
##.##.@........#
#..
##...#V##########
#.# #....5.# #.#
##...#.# #.#
.........# #.#
#####.#### #.#
#.# #.. #.# ###
#.#


You could see a vampire (invisible) and a friendly white imp (summoned).

Vanquished Creatures
  2 black bears
  An ogre (D:4)
  2 kobold brigands (Sewer)
  3 scorpions
  A water moccasin zombie (D:6)
  A water moccasin skeleton (D:6)
  A crimson imp (D:6)
  2 jellies
  A hound (D:5)
  An orc priest (D:5)
  A bullfrog skeleton (D:5)
  An orc wizard (D:5)
  A hound skeleton (D:4)
  6 adders
  4 river rats (Sewer)
  An adder skeleton (D:4)
  5 worms
  2 dart slugs
  7 orcs
  10 ball pythons
  An endoplasm (Sewer)
  6 giant cockroaches
  2 goblins
  3 hobgoblins
  2 jackals (D:4)
  2 quokkas
  5 bats
  5 frilled lizards
  15 kobolds
  26 rats
120 creatures vanquished.

Vanquished Creatures (collateral kills)
  4 orcs (D:5)
4 creatures vanquished.

Vanquished Creatures (others)
  A plant (D:2)
1 creature vanquished.

Grand Total: 125 creatures vanquished

Notes
Turn   | Place    | Note
-------+----------+-------------------------------------------
     0 | D:1      | Gaff the Djinni Air Elementalist began the quest for the
                  | Orb.
     0 | D:1      | Reached XP level 1. HP: 15/15 MP: 0/0
   374 | D:1      | Reached skill level 3 in Spellcasting
   374 | D:1      | Reached XP level 2. HP: 16/21 MP: 0/0
   597 | D:1      | Found a faded altar of an unknown god.
   622 | D:1      | Became a worshipper of Cheibriados the Contemplative
   622 | D:1      | Reached * piety under Cheibriados
  1041 | D:2      | Reached XP level 3. HP: 17/25 MP: 0/0
  1041 | D:2      | Learned a level 1 spell: Summon Small Mammal
  1463 | D:2      | Found Ugarph's Antique Weapon Shoppe.
  2242 | D:3      | Reached skill level 1 in Armour
  2289 | D:3      | Found an opulent altar of Gozag.
  2587 | D:3      | Reached ** piety under Cheibriados
  2588 | D:3      | Reached XP level 4. HP: 31/31 MP: 0/0
  2598 | D:3      | Found a glowing drain.
  2605 | Sewer    | Entered a sewer
  2625 | Sewer    | Reached skill level 1 in Invocations
  2652 | Sewer    | Reached skill level 4 in Spellcasting
  2706 | Sewer    | Noticed a kobold brigand
  2731 | Sewer    | Reached *** piety under Cheibriados
  2732 | Sewer    | Reached XP level 5. HP: 35/35 MP: 0/0
  2732 | Sewer    | Learned a level 2 spell: Corpse Rot
  2741 | Sewer    | Killed a kobold brigand
  2836 | Sewer    | Noticed a kobold brigand
  2852 | Sewer    | Killed a kobold brigand
  2853 | Sewer    | Reached XP level 6. HP: 38/40 MP: 0/0
  3321 | D:3      | Noticed a moth of wrath
  3325 | D:3      | Found a bloodstained altar of Trog.
  4033 | D:4      | Reached **** piety under Cheibriados
  4732 | D:4      | Reached skill level 1 in Fighting
  4732 | D:4      | Reached skill level 5 in Spellcasting
  4732 | D:4      | Reached XP level 7. HP: 47/47 MP: 0/0
  4732 | D:4      | Learned a level 2 spell: Call Imp
  4925 | D:4      | Reached skill level 1 in Long Blades
  4978 | D:5      | Entered Level 5 of the Dungeon
  5385 | D:5      | Reached XP level 8. HP: 32/54 MP: 0/0
  5602 | D:5      | Identified the +3 short sword "Ateyjey" {protect, Will++}
  5773 | D:6      | Reached ***** piety under Cheibriados
  6006 | D:6      | Found a burning altar of Makhleb.
  6083 | D:6      | Noticed a vampire
  6098 | D:6      | HP: 1/55 [vampire (11)]
  6098 | D:6      | Mangled by a vampire

Illustrated notes

Levels and vault maps discovered:
D:1:      wander_arrival_desolate, layout_basic,
          chequers_ecumenical_altar_simple_redux, hex_intersection,
          chequers_mini_garden
D:2:      layout_basic, serial_shops, shop, guppyfry_early_lair_pool
D:3:      layout_basic, tgw_trog, amcnicky_altar_gilded, gup_sewer_entry_bubbles
D:4:      layout_basic
D:5:      layout_basic
D:6:      layout_loops_corners, makhleb_grotto_becter,
          amethyst_overflow_temple_binary, uniq_grinder, uniq_maggie

Skill      XL: |  1  2  3  4  5  6  7  8 |
---------------+-------------------------+-----
Spellcasting   | 3 4 5 |  5.9
Armour         | 1 2 3 |  3.9
Invocations    | 1 2 3 |  3.7
Fighting       | 1 2 |  2.5
Long Blades    | 1 2 |  2.3
Dodging        | |  2.2
Stealth        | |  1.6

Action                   |  1- 3 |  4- 6 |  7- 9 || total
-------------------------+-------+-------+-------++-------
Melee: Mace              |     1 |       |       ||     1
       Falchion          |       |       |     9 ||     9
       Short sword       |       |       |     8 ||     8
 Cast: Shock             |    59 |   106 |    43 ||   208
       Static Discharge  |     4 |     3 |    14 ||    21
       Summon Small Mamm |       |     1 |       ||     1
       Call Imp          |       |       |    14 ||    14
       Airstrike         |       |       |     5 ||     5
  Use: Scroll            |     5 |     1 |       ||     6
       Potion            |       |       |     1 ||     1
Armor: Robe              |     1 |       |       ||     1
       Leather armour    |     4 |     4 |    16 ||    24
Dodge: Dodged            |    10 |    19 |    38 ||    67
       Rpst.: Falchion   |       |       |     3 ||     3

Table legend: (Time is in decaauts)
 A = Elapsed time spent in this place.
 B = Non-inter-level travel time spent in this place.
 C = Inter-level travel time spent in this place.
 D = Time resting spent in this place.
 E = Time spent auto-exploring this place.
 F = Levels seen in this place.
 G = Mean time per level.
                   A        B        C        D        E       F      G
               +--------+--------+--------+--------+--------+-----+--------+
         Total |   8844 |   8399 |    445 |    701 |   5942 |   7 | 1263.4 |
       Dungeon |   7928 |   7483 |    445 |    689 |   5516 |   6 | 1321.3 |
         Sewer |    916 |    916 |      0 |     12 |    425 |   1 |  916.0 |
               +--------+--------+--------+--------+--------+-----+--------+

Top non-repeatable levels by time:
     D:2: 1780 daAuts
     D:3: 1712 daAuts
     D:4: 1665 daAuts
     D:5: 1188 daAuts
   Sewer: 916 daAuts
     D:1: 914 daAuts
     D:6: 665 daAuts
